 Dungeon Sprint DCSS version 0.20-a0-11-ga97c7b5 (webtiles) character file.

641 poirepourri the Protected (level 7, -2/65 HPs)
             Began as a Minotaur Fighter on Nov 2, 2016.
             Was an Initiate of Hepliaklqana.
             Slain by Sonja
             ... wielding a +1 dagger of distortion
              (12 damage)
             ... in the Dungeon (Sprint I: "Red Sonja").
             The game lasted 00:01:43 (1120 turns).

poirepourri the Protected (Minotaur Fighter)        Turns: 1120, Time: 00:01:43

Health: -2/65      AC:  8    Str: 21    XL:     7   Next: 26%
Magic:  6/6        EV: 10    Int:  5    God:    Hepliaklqana [......]
Gold:   301        SH: 12    Dex: 11    Spells: 0 memorised, 6 levels left

rFire  . . .     SeeInvis .     a - +0 war axe
rCold  . . .     Gourm    .     b - +0 scale mail
rNeg   . . .     Faith    .     c - +0 shield
rPois  .         Spirit   .     (helmet restricted)
rElec  .         Reflect  .     (no cloak)
rCorr  .         Harm     .     (no gloves)
MR     .....     NoTele   +     (no boots)
Stlth  ..........               (no amulet)
                                (no ring)
                                (no ring)

@: exhausted, very slightly contaminated, slowed, very slow
A: retaliatory headbutt, reduced essence, horns 2
a: Recall Ancestor, Ancestor Identity, Renounce Religion


You were in the Dungeon.
You worshipped Hepliaklqana.
Hepliaklqana was noncommittal.
You were not hungry.

You visited 1 branch You collected 301 gold pieces.

Inventory:

Hand Weapons
 a - a +0 war axe (weapon)
Armour
 b - a +0 scale mail (worn)
 c - a +0 shield (worn)
Potions
 d - a potion of might
 h - a potion of haste
 i - 2 potions of magic


   Skills:
 + Level 10.3 Fighting
 + Level 7.8 Axes
 + Level 10.5 Armour
 + Level 3.4 Dodging
 + Level 10.3 Shields


You had 6 spell levels left.
You didn't know any spells.

Dungeon Overview and Level Annotations

Branches:
Dungeon (1/1)

Altars:
Cheibriados
Dithmenos
Elyvilon
Fedhas
Gozag
Hepliaklqana
Kikubaaqudgha
Makhleb
Nemelex Xobeh
Okawaru
Qazlal
Ru
Sif Muna
Trog
Uskayaw
Vehumet
Xom
Yredelemnul
Zin
The Shining One
Jiyva
Lugonu

Shops:
D (

Annotations:
D Sonja


Innate Abilities, Weirdness & Mutations

You reflexively headbutt those who attack you in melee.
You have a pair of horns on your head.
Your life essence is reduced. (-10% HP)


Message History

* * * LOW HITPOINT WARNING * * *
Sonja hits you with an uncursed dagger of distortion.
* * * LOW HITPOINT WARNING * * *
You completely miss Sonja.
Sonja is moderately wounded.
Sonja hits you but does no damage. You block Sonja's attack. Sonja misses you.
You block Sonja's attack.
Sonja hits you with an uncursed dagger of distortion.
* * * LOW HITPOINT WARNING * * *
You feel a strange sense of stasis. Sonja hits you but does no damage.
Space bends around you.
* * * LOW HITPOINT WARNING * * *
You hit Sonja. Your headbutt misses Sonja.
Sonja is moderately wounded.
Sonja hits you but does no damage. x2; Sonja completely misses you.
You block Sonja's attack. Sonja hits you but does no damage.
Space bends around you.
* * * LOW HITPOINT WARNING * * *
Sonja hits you but does no damage. Space warps horribly around you!
You die...

###################
#<.#..').#.)'..#__#
#..'[.#..'..#..'^.+
#..#####'#####'#__#
#..####..#...#.####
#..#__####..##)#
#..#_____##'#..+
#⌠⌠#_.∩..K@R.._#
####_..__##_(#'#
#_____###'#)#
#########.### +$.$+
#$.$# ##.## #+#


You could see the friendly Cuetlachtli the ancestor and Sonja.

Vanquished Creatures
  A slime creature (D)
  Sigmund (D)
  A yak (D)
  An ogre (D)
  A jelly (D)
  Ijyb (D)
6 creatures vanquished.

Vanquished Creatures (others)
  A gargoyle (D)
  An ancestor (D)
2 creatures vanquished.

Grand Total: 8 creatures vanquished

Notes
Turn   | Place    | Note
-------+----------+-------------------------------------------
     0 | D        | poirepourri the Minotaur Fighter began the quest for the Orb.
     0 | D        | Reached XP level 1. HP: 19/19 MP: 0/0
     1 | D        | Noticed Ijyb
    20 | D        | Killed Ijyb
    20 | D        | Reached skill level 5 in Fighting
    20 | D        | Reached skill level 5 in Armour
    20 | D        | Reached skill level 5 in Shields
    20 | D        | Reached XP level 2. HP: 20/29 MP: 1/1
   112 | D        | Noticed an ogre
   122 | D        | Killed an ogre
   122 | D        | Reached skill level 1 in Dodging
   122 | D        | Reached XP level 3. HP: 15/39 MP: 2/2
   122 | D        | Reached XP level 4. HP: 18/47 MP: 3/3
   326 | D        | Noticed Sigmund
   343 | D        | Killed Sigmund
   343 | D        | Reached skill level 5 in Axes
   343 | D        | Reached XP level 5. HP: 50/56 MP: 4/4
   343 | D        | Reached XP level 6. HP: 55/62 MP: 5/5
   489 | D        | Found a deep blue altar of Sif Muna.
   491 | D        | Found a radiant altar of Vehumet.
   511 | D        | Found Cutocuh's Weapon Emporium.
   511 | D        | Found an ancient bone altar of Kikubaaqudgha.
   511 | D        | Found a hazy altar of Hepliaklqana.
   511 | D        | Found a stormy altar of Qazlal.
   511 | D        | Found a hide-covered altar of Uskayaw.
   511 | D        | Found a blossoming altar of Fedhas.
   511 | D        | Found a bloodstained altar of Trog.
   511 | D        | Found an iron altar of Okawaru.
   511 | D        | Found a basalt altar of Yredelemnul.
   511 | D        | Found a glowing golden altar of the Shining One.
   511 | D        | Found a snail-covered altar of Cheibriados.
   511 | D        | Found a sacrificial altar of Ru.
   511 | D        | Found a glowing silver altar of Zin.
   511 | D        | Found a shadowy altar of Dithmenos.
   511 | D        | Found a white marble altar of Elyvilon.
   511 | D        | Noticed a yak
   518 | D        | Killed a yak
   519 | D        | Found an opulent altar of Gozag.
   520 | D        | Found a sparkling altar of Nemelex Xobeh.
   527 | D        | Became a worshipper of Hepliaklqana the Forgotten
   556 | D        | Found a burning altar of Makhleb.
   556 | D        | Found a viscous altar of Jiyva.
   556 | D        | Found a shimmering altar of Xom.
   556 | D        | Found a corrupted altar of Lugonu.
   556 | D        | Noticed a slime creature
   561 | D        | HP: 2/59 [slime creature (6)]
   727 | D        | Killed a gargoyle
   913 | D        | Killed a slime creature
   913 | D        | Reached skill level 10 in Fighting
   913 | D        | Reached skill level 10 in Armour
   913 | D        | Reached skill level 10 in Shields
   913 | D        | Reached XP level 7. HP: 26/65 MP: 6/6
  1108 | D        | Noticed Sonja
  1120 | D        | Slain by Sonja

Vault maps used:
D:        dungeon_sprint_1

Skill      XL: |  1  2  3  4  5  6 |
---------------+-------------------+-----
Fighting       | 5 7 8 10 | 10.3
Axes           | 3 4 5 7 |  7.8
Armour         | 5 6 8 10 | 10.5
Shields        | 5 6 8 10 | 10.3
Dodging        | 1 2 3 |  3.4

Action                   |  1- 3 |  4- 6 |  7- 9 || total
-------------------------+-------+-------+-------++-------
Melee: War axe           |    27 |    28 |     4 ||    59
       Headbutt          |     4 |     6 |       ||    10
Invok: Ancestor Identity |       |       |     2 ||     2
  Use: Potion            |       |       |     3 ||     3
       Scroll            |       |       |     1 ||     1
  Eat: Bread ration      |       |       |     1 ||     1
Armor: Scale mail        |    11 |     6 |    10 ||    27
Dodge: Dodged            |     6 |     3 |     7 ||    16
Block: Shield            |    13 |    12 |    13 ||    38
